Map: Ice and Chrome LE

Players

HeroMarine - Winner!

  • Race: Terran Terran
  • League: Master
  • Spawn Location: 7:00

TLHarstem (Harstem)

  • Race: Protoss Protoss
  • League: Master
  • Spawn Location: 1:00

Event: DreamHack SC2 Masters 2020 Summer Europe

VOD

Have the link to the VOD?

Description

Time

  • Played on: June 30, 2020, 1:54 p.m.
  • Length: 12:04

All games in this series

Show
View Real Time Build Order
Export as new Build Order

HeroMarine Terran - Winner!

Build Orders:  

Get SALT Encoding   

  12  0:00  SCV  
  13  0:12  SCV  
  14  0:18  Supply Depot  
  14  0:24  SCV  
  15  0:40  SCV, Barracks  
  16  0:46  Refinery  
  16  0:52  SCV  
  16  0:56  Refinery  
  17  1:04  SCV  
  18  1:16  SCV  
  19  1:27  Reaper  
  19  1:28  Orbital Command  
  20  1:40  Supply Depot  
  20  1:46  Factory  
  20  1:55  SCV  
  20  1:59  Reaper  
  22  2:07  SCV  
  23  2:19  SCV  
  24  2:30  Factory Reactor  
  24  2:31  SCV  
  24  2:32  Reaper  
  26  2:42  Command Center  
  26  2:43  SCV  
  27  2:51  Starport  
  27  2:55  SCV  
  28  3:06  Supply Depot  
  28  3:08  SCV  
  28  3:09  Hellion  
  30  3:20  SCV  
  31  3:28  Hellion  
  31  3:30  Hellion  
  31  3:32  Medivac  
  31  3:33  SCV  
  37  3:45  SCV  
  38  3:50  Hellion  
  38  3:54  Hellion, Orbital Command  
  38  3:55  Barracks  
  41  3:58  SCV  
  42  4:07  Starport Tech Lab  
  42  4:10  SCV, Barracks  
  43  4:19  SCV  
  43  4:22  SCV  
  43  4:24  Factory Tech Lab  
  45  4:29  Supply Depot  
  45  4:31  SCV  
  45  4:34  SCV  
  45  4:36  Raven  
  45  4:38  Refinery  
  49  4:43  SCV  
  51  4:46  SCV  
  51  4:51  Siege Tank  
  53  4:56  SCV  
  53  4:57  Marine x2  
  53  4:58  SCV  
  53  4:59  Barracks Tech Lab  
  54  5:00  Marine  
  54  5:03  Supply Depot  
  54  5:04  Engineering Bay, Bunker  
  55  5:08  SCV  
  55  5:10  SCV  
  57  5:15  Marine x2  
  57  5:18  Stimpack  
  57  5:19  Marauder  
  57  5:20  SCV  
  62  5:24  SCV  
  62  5:25  Supply Depot, Siege Tank  
  62  5:26  Refinery  
  66  5:29  Marauder  
  68  5:35  Terran Infantry Weapons Level 1  
  68  5:36  SCV x2  
  68  5:38  Starport Reactor  
  70  5:46  Marine x2  
  70  5:49  Supply Depot, Combat Shield  
  72  5:51  Marauder x2  
  76  6:03  Command Center  
  76  6:05  Factory Reactor, Marine x2  
  76  6:11  SCV x2  
  80  6:13  Supply Depot  
  80  6:15  Supply Depot  
  80  6:16  Marauder x2  
  84  6:21  Medivac  
  86  6:28  Supply Depot  
  86  6:35  SCV x2, Medivac, Marine x2  
  92  6:43  Barracks  
  92  6:45  Widow Mine  
  92  6:46  Widow Mine, Barracks  
  96  6:50  SCV x2  
  98  6:54  Marine x2  
  98  6:55  Marauder  
  98  6:57  Marauder  
  98  7:00  Concussive Shells  
  102  7:02  SCV x2  
  102  7:06  Medivac  
  106  7:14  SCV x2  
  108  7:16  Medivac, Widow Mine x2  
  108  7:20  Supply Depot  
  116  7:22  Marauder  
  116  7:26  SCV  
  116  7:27  SCV  
  116  7:28  Marine x2  
  120  7:32  Orbital Command  
  120  7:33  Barracks Reactor  
  120  7:38  Terran Infantry Armor Level 1  
  120  7:39  Supply Depot  
  120  7:44  SCV x2  
  120  7:49  Marauder x2  
  120  7:50  Marauder  
  128  7:54  Medivac x2  
  132  8:01  Widow Mine x2  
  132  8:02  SCV x2  
  138  8:11  Marauder x2  
  138  8:12  Ghost Academy  
  138  8:13  Marine x2  
  138  8:16  SCV  
  138  8:19  SCV  
  141  8:24  Supply Depot  
  141  8:25  SCV, Supply Depot  
  141  8:26  Marauder  
  139  8:29  Widow Mine x2  
  140  8:40  Marine x3  
  143  8:43  Refinery x2  
  143  8:48  Ghost x2  
  135  8:49  Ghost  
  135  8:50  Enhanced Shockwaves  
  135  8:52  Marine  
  145  8:55  Widow Mine  
  145  8:57  Widow Mine  
  145  8:58  Marine x3  
  147  9:06  Viking  
  147  9:09  Viking  
  151  9:10  Marine  
  151  9:15  Supply Depot  
  151  9:16  Supply Depot, Marine x3  
  155  9:17  Marauder, Marine  
  155  9:19  Marauder  
  154  9:28  Widow Mine x2  
  158  9:35  Marauder  
  160  9:39  Marauder  
  160  9:40  Marauder  
  160  9:44  Liberator x2  
  160  9:45  Marine x2  
  170  9:46  Marine  
  170  9:49  Widow Mine x2  
  175  9:55  Marine  
  175  9:57  Marauder  
  176  10:00  Marauder  
  176  10:02  Marauder  
  176  10:03  Marine  
  178  10:08  Marine  
  178  10:09  Marine  
  178  10:13  Marine  
  179  10:18  Marauder  
  179  10:21  Widow Mine x2, Marine  
  179  10:22  Marauder  
  181  10:31  Medivac x2, Command Center, Marine x2  
  181  10:32  Armory, Marauder  
  181  10:34  Engineering Bay  
  189  10:39  Marauder, Marine  
  186  10:43  Marauder, Marine  
  186  10:49  Marine x2  
  162  10:53  Marauder  
  162  10:56  Marine  
  160  11:00  Widow Mine  
  160  11:01  Liberator, Marauder, Widow Mine, Marine  
  160  11:04  Marine  
  167  11:07  Marine x2  
  160  11:14  Marauder, Marine  
  160  11:22  Marauder  
Show
View Real Time Build Order
Export as new Build Order

TLHarstem Protoss 

Build Orders: 1 Gate Expand 

Get SALT Encoding   

  12  0:01  Probe  
  13  0:13  Probe  
  14  0:17  Pylon  
  14  0:25  Probe  
  15  0:33  Probe  
  15  0:36  Gateway  
  15  0:41  Probe  
  16  0:46  Assimilator  
  17  0:51  Probe  
  18  1:03  Probe  
  19  1:15  Probe  
  20  1:22  Cybernetics Core  
  20  1:31  Nexus  
  20  1:38  Pylon  
  20  1:41  Probe  
  21  1:47  Assimilator  
  21  1:49  Adept  
  21  1:53  Probe  
  22  2:00  Warp Gate  
  24  2:05  Probe  
  25  2:19  Probe  
  25  2:27  Probe  
  24  2:35  Probe  
  24  2:36  Adept  
  28  2:46  Probe  
  28  2:48  Probe  
  30  2:58  Probe  
  30  3:00  Probe, Robotics Facility  
  31  3:07  Adept  
  31  3:10  Probe  
  31  3:12  Probe  
  35  3:18  Probe  
  35  3:24  Probe  
  35  3:26  Probe  
  37  3:30  Gateway  
  38  3:34  Shield Battery  
  38  3:36  Probe  
  38  3:37  Probe  
  41  3:48  Probe  
  41  3:49  Probe, Observer  
  41  3:53  Sentry  
  41  3:55  Pylon  
  43  4:00  Probe  
  43  4:01  Probe  
  45  4:04  Pylon  
  45  4:08  Observer  
  45  4:13  Probe x2  
  45  4:15  Nexus  
  45  4:16  Stalker  
  50  4:18  Pylon  
  50  4:24  Stalker  
  50  4:25  Probe x2  
  50  4:29  Assimilator  
  54  4:33  Pylon  
  54  4:37  Probe x2  
  56  4:41  Observer  
  56  4:42  Adept  
  54  4:47  Probe x2  
  51  4:55  Probe x2  
  49  5:00  Stalker  
  49  5:03  Probe  
  49  5:04  Probe  
  51  5:08  Stalker  
  51  5:13  Probe  
  55  5:16  Probe  
  57  5:21  Probe  
  57  5:22  Twilight Council, Forge  
  57  5:28  Probe  
  58  5:29  Phoenix  
  58  5:30  Probe  
  60  5:36  Probe  
  60  5:38  Probe  
  60  5:41  Charge  
  60  5:42  Probe  
  63  5:44  Probe  
  64  5:50  Probe, Protoss Ground Armor Level 1  
  64  5:54  Probe  
  64  5:55  Probe, Gateway x2  
  67  5:57  Gateway  
  67  5:58  Zealot x2  
  72  6:04  Probe  
  72  6:08  Probe, Gateway  
  72  6:10  Probe  
  74  6:15  Shield Battery  
  74  6:16  Probe, Immortal  
  75  6:24  Sentry, Zealot  
  83  6:28  Probe  
  83  6:29  Pylon  
  84  6:39  Probe  
  85  6:42  Probe x2  
  85  6:44  Assimilator  
  85  6:46  Zealot  
  89  6:50  Stalker  
  89  6:51  Probe  
  89  6:52  Stalker  
  94  6:56  Probe  
  94  6:58  Warp Prism  
  94  6:59  Probe  
  98  7:02  Observer  
  98  7:03  Templar Archives  
  98  7:05  Gateway  
  98  7:06  Gateway  
  98  7:14  Pylon  
  98  7:18  Probe  
  98  7:20  Pylon  
  98  7:21  Pylon  
  99  7:27  Probe x2  
  99  7:29  Assimilator  
  101  7:32  Probe, Pylon  
  101  7:34  Zealot x3  
  108  7:37  Pylon  
  108  7:40  High Templar x3  
  114  7:51  Gateway  
  114  7:55  Zealot x2  
  114  7:56  Protoss Ground Armor Level 2, Psionic Storm  
  118  7:59  Zealot  
  118  8:00  Probe  
  118  8:03  Probe, Zealot x2  
  121  8:07  Probe  
  121  8:11  Probe  
  121  8:12  Probe  
  121  8:19  Probe x2  
  121  8:21  Zealot x5  
  121  8:24  Probe  
  121  8:26  Pylon  
  132  8:29  Zealot, Blink  
  132  8:31  Probe, Pylon  
  133  8:34  Pylon  
  133  8:37  Probe, Photon Cannon  
  132  8:48  Zealot x4  
  140  8:54  Warp Prism  
  140  8:55  High Templar x2  
  144  9:00  Nexus  
  144  9:03  Pylon  
  140  9:12  High Templar  
  140  9:14  Zealot x4  
  150  9:17  Pylon  
  150  9:20  Probe, Immortal, Pylon  
  143  9:36  Robotics Bay  
  147  9:40  Zealot x4  
  147  9:42  Zealot  
  151  9:49  Robotics Facility  
  151  9:51  Probe x3  
  140  9:55  Observer  
  135  10:04  Zealot x6  
  139  10:10  Archon  
  139  10:12  Disruptor  
  135  10:20  Zealot x2  
  129  10:25  Zealot x2  
  129  10:26  Zealot x4  
  138  10:35  Probe  
  139  10:38  Disruptor  
  139  10:42  Zealot x2  
  137  10:48  Zealot x5  
  126  10:53  Zealot  
  111  10:57  Probe  
  106  11:06  Zealot x2  
  106  11:08  Zealot x3  
  106  11:09  Zealot x2  
Tags
 
Add a new tag
Caveats
  • Supply blocks, unpowered buildings, or Contaminate may cause inaccurate times.
  • Supply counts are checked every 10 seconds.